 Dungeon Crawl Stone Soup version 0.31-a0-174-g85c54bcb58 (webtiles) character file.

Game seed: 13526358281077160297

12583 TittyCrusher the Grappler (level 11, 0/76 HPs)
             Began as a Gargoyle Monk on June 15, 2023.
             Was a High Priest of Cheibriados.
             Slain by a large abomination (25 damage)
             ... on level 9 of the Dungeon.
             The game lasted 00:16:35 (8641 turns).

TittyCrusher the Grappler (Gargoyle Monk)           Turns: 8641, Time: 00:16:36

Health: 0/76       AC: 14    Str: 32    XL:     11   Next: 95%
Magic:  15/15      EV: 22    Int: 26    God:    Cheibriados [*****.]
Gold:   280        SH:  0    Dex: 38    Spells: 8/10 levels left

rFire   . .          .
                       - Unarmed
rCold   . . .        c - orb {light}
rNeg    + . .        w - +0 steam dragon scales
rPois   ∞            (no helmet)
rElec   +            t - +0 cloak
rCorr   .            (no gloves)
SInv    .            (no boots)
Will    .....        (no amulet)
Stlth   +            h - +6 ring of dexterity
HPRegen 0.32/turn    k - +6 ring of dexterity
MPRegen 0.14/turn

%: no passive effects
@: glowing, very slow
A: sickness immunity, AC +8, negative energy resistance 1, electricity
resistance, torment resistance 1, petrification resistance
a: Renounce Religion, Bend Time, Temporal Distortion, Slouch, Step From Time


You were on level 9 of the Dungeon.
You worshipped Cheibriados.
Cheibriados was extremely pleased with you.
You visited 2 branches of the dungeon, and saw 10 of its levels.

You collected 630 gold pieces.
You spent 350 gold pieces at shops.

Inventory:

Missiles
 d - 107 stones
 n - a throwing net (quivered)
Armour
 c - an orb of light (worn)
 f - a +0 plate armour
 t - a +0 cloak (worn)
 w - +0 steam dragon scales (worn)
 A - a +0 chain mail
 B - a +0 ring mail
 O - a +0 robe of positive energy
Magical Staves
 p - a staff of death
 G - a staff of earth
Jewellery
 a - a ring of willpower
 e - a ring of magical power
 h - a +6 ring of dexterity (left hand)
 k - a +6 ring of dexterity (right hand)
 o - an amulet of guardian spirit
 D - a ring of fire
Wands
 i - a wand of light (7)
 m - a wand of flame (12)
 s - a wand of paralysis (7)
 x - a wand of roots (18)
 M - a wand of polymorph (7)
Scrolls
 j - a scroll of fear {unknown}
 r - a scroll of blinking {unknown}
 y - a scroll of torment {unknown}
 C - a scroll of enchant armour {unknown}
 E - a scroll of amnesia {unknown}
 F - a scroll of immolation
 L - a scroll of fog {unknown}
Potions
 b - a potion of ambrosia
 g - 5 potions of attraction
 u - 2 potions of mutation
 v - a potion of haste
 z - a potion of brilliance
 H - a potion of resistance
 I - 2 potions of might
 J - a potion of magic
 K - 2 potions of curing
 N - a potion of lignification {unknown}


   Skills:
 - Level 12.1 Fighting
 + Level 7.3 Dodging
 - Level 13.1 Unarmed Combat
 - Level 6.1 Invocations


You had 8 spell levels left.
You knew the following spells:

 Your Spells              Type           Power      Damage    Failure   Level
a - Blink                 Tloc           0%         N/A       19%         2

Your spell library contained the following spells:

 Spells                   Type           Power      Damage    Failure   Level
 Slow                     Hex            0%         N/A       13%         1
 Lesser Beckoning         Tloc           0%         N/A       19%         2
 Momentum Strike          Conj/Tloc      0%         3d8       19%         2
 Confusing Touch          Hex            0%         N/A       36%         3
 Ozocubu's Armour         Ice            0%         N/A       36%         3
 Vampiric Draining        Necr           0%         2d6       36%         3
 Ozocubu's Refrigeration  Ice            0%         4d7       100%        7


Dungeon Overview and Level Annotations

Branches:
Dungeon (9/15)             Temple (1/1) D:4
   Lair: D:8-11         Orc: D:9-12

Altars:
Ashenzari
Cheibriados
Dithmenos
Elyvilon
Fedhas
Gozag
Hepliaklqana
Kikubaaqudgha
Makhleb
Okawaru
Qazlal
Ru
Sif Muna
Uskayaw
Vehumet
Xom
Yredelemnul
Zin
The Shining One

Shops:
D:3 (   D:8 *(   D:9 =

Annotations:
D:9 Amaemon


Innate Abilities, Weirdness & Mutations

You are immune to sickness and miasma.
Your stone body is resilient. (AC +8)
You are immune to poison.
You resist negative energy. (rN+)
You are resistant to electric shocks. (rElec)
You are resistant to unholy torment.
You are immune to petrification.


Message History

Cheibriados thoroughly appreciates the change of pace.
No target in view!
You start resting.
A large abomination comes into view.
Aiming: Fastroot
Press: ? - help, Shift-Dir - straight line, f - large abomination
Aim: a large abomination (haloed)
The roots erupt in riotous growth!
Roots grab the large abomination.
The grasping roots constrict the large abomination.
The large abomination hits you.
Unknown command.
You hit the large abomination but do no damage.
The large abomination is lightly damaged.
The grasping roots constrict the large abomination, but do no damage.
The roots release their grip on the large abomination.
The large abomination misses you.
You pummel the large abomination!!
The large abomination is heavily damaged.
You hit the large abomination but do no damage.
The large abomination is heavily damaged.
The large abomination completely misses you.
You hit the large abomination but do no damage.
The large abomination is heavily damaged.
The large abomination hits you.
You hit the large abomination but do no damage.
The large abomination is heavily damaged.
The large abomination closely misses you.
You hit the large abomination but do no damage.
The large abomination is heavily damaged.
You punch the large abomination!
The large abomination is severely damaged.
The large abomination hits you!!
You are too injured to fight recklessly!
You barely miss the large abomination.
The large abomination is severely damaged.
You hit the large abomination.
The large abomination is almost destroyed.
The large abomination hits you!!
You die...

###### #.# #.# # #.# #.#
# .# #.# # #.# #'## #.#
..... #.# (.#
.....#######.#########
..# ###
#'...#...........# ..#
#... ##@#.............##
..#
#....##X###......>......
..+ #...X').#
#...........# ..#
#....#### #####)#######
..# #.X. #)# ..# #..
##.# ### .'. #).# # .#
##'##### ###
##############......#


You could see a large abomination.

Vanquished Creatures
  Erica (D:8)
  A two-headed ogre (D:9)
  4 large abominations (D:9)
  Pikel (D:9)
  A wizard (D:9)
  Joseph (D:8)
  An unseen horror (D:8)
  An orange demon (D:9)
  A hornet (D:6)
  Eustachio (D:5)
  A steam dragon (D:8)
  Grum (D:8)
  2 water moccasins (D:7)
  A sky beast (D:6)
  4 orc warriors
  2 ice beasts
  A black bear (D:5)
  An ogre (D:4)
  2 wolves (D:8)
  4 centaurs
  A phantom (D:4)
  3 kobold brigands
  3 bullfrogs
  3 scorpions
  7 wights
  7 small abominations (D:9)
  14 killer bees
  5 howler monkeys
  7 hounds
  2 jellies
  A gnoll bouda (D:6)
  7 orc priests
  3 iguanas (D:6)
  6 orc wizards
  15 adders
  15 gnolls
  A shadow imp (D:6)
  A white imp (D:6)
  An ufetubus (D:6)
  2 worms
  5 dart slugs
  36 orcs
  7 endoplasms
  4 giant cockroaches
  9 goblins
  6 hobgoblins
  2 jackals (D:5)
  6 quokkas
  6 ball pythons
  10 bats
  7 frilled lizards
  21 kobolds
  5 rats
260 creatures vanquished.

Notes
Turn   | Place    | Note
-------+----------+-------------------------------------------
     0 | D:1      | TittyCrusher the Gargoyle Monk began the quest for the Orb.
     0 | D:1      | Reached XP level 1. HP: 14/14 MP: 1/1
    57 | D:1      | Found a faded altar of an unknown god.
    80 | D:1      | Reached XP level 2. HP: 16/19 MP: 2/2
   402 | D:1      | Reached skill level 4 in Unarmed Combat
   411 | D:1      | Reached XP level 3. HP: 19/23 MP: 3/3
   730 | D:2      | Reached XP level 4. HP: 24/28 MP: 4/4
   793 | D:2      | Reached skill level 5 in Unarmed Combat
   862 | D:2      | Learned a level 2 spell: Blink
  1527 | D:3      | Reached XP level 5. HP: 32/32 MP: 5/5
  1560 | D:3      | Found an iron altar of Okawaru.
  1744 | D:3      | Found Fuypn's Weapon Shoppe.
  1789 | D:3      | Reached skill level 6 in Unarmed Combat
  2166 | D:3      | Found a glowing golden altar of the Shining One.
  2789 | D:4      | Reached XP level 6. HP: 35/37 MP: 4/6
  2837 | D:4      | Reached skill level 7 in Unarmed Combat
  2892 | D:4      | Found a broken altar of Ashenzari.
  2964 | D:4      | Reached XP level 7. HP: 29/41 MP: 4/7
  2969 | D:4      | Found a staircase to the Ecumenical Temple.
  2979 | Temple   | Entered the Ecumenical Temple
  2996 | Temple   | Became a worshipper of Cheibriados the Contemplative
  2996 | Temple   | Reached * piety under Cheibriados
  2996 | Temple   | Reached ** piety under Cheibriados
  3047 | D:4      | Reached skill level 8 in Unarmed Combat
  3711 | D:4      | Reached skill level 9 in Unarmed Combat
  3897 | D:4      | Reached XP level 8. HP: 44/46 MP: 8/8
  4181 | D:5      | Entered Level 5 of the Dungeon
  4284 | D:5      | Found a shimmering altar of Xom.
  4292 | D:5      | Noticed an angel
  4370 | D:5      | Found a glowing silver altar of Zin.
  4438 | D:5      | Identified the +0 whip "Elalo" {heavy, rN+ Str+4 Int-2}
  4511 | D:5      | Noticed Eustachio
  4516 | D:5      | Reached skill level 10 in Unarmed Combat
  4549 | D:5      | Killed Eustachio
  5023 | D:6      | Reached skill level 11 in Unarmed Combat
  5065 | D:6      | Reached *** piety under Cheibriados
  5256 | D:6      | Reached XP level 9. HP: 34/51 MP: 9/9
  5518 | D:6      | Reached skill level 12 in Unarmed Combat
  5536 | D:6      | Found a sacrificial altar of Ru.
  5552 | D:6      | Found an opulent altar of Gozag.
  5585 | D:6      | Noticed a hornet
  5594 | D:6      | Killed a hornet
  5917 | D:7      | Reached **** piety under Cheibriados
  5918 | D:7      | Reached skill level 13 in Unarmed Combat
  6333 | D:7      | Found a burning altar of Makhleb.
  6335 | D:7      | Reached XP level 10. HP: 71/71 MP: 10/10
  6573 | D:8      | Reached skill level 1 in Invocations
  6654 | D:8      | Noticed Joseph
  6665 | D:8      | Killed Joseph
  6831 | D:8      | Found Surics's Weapon Shop.
  6833 | D:8      | Noticed Grum
  6845 | D:8      | Reached XP level 11. HP: 62/76 MP: 11/13
  6847 | D:8      | Killed Grum
  6894 | D:8      | Found Suloi's Overcharged Wands.
  7131 | D:8      | Reached ***** piety under Cheibriados
  7318 | D:8      | Noticed Erica
  7328 | D:8      | Killed Erica
  7329 | D:8      | Reached skill level 5 in Invocations
  7755 | D:9      | Noticed Pikel
  7761 | D:9      | Killed Pikel
  7773 | D:9      | Found Juamurig's Jewellery Boutique.
  7777 | D:9      | Bought a ring of willpower for 350 gold pieces
  7783 | D:9      | Noticed Amaemon
  7852 | D:9      | Found an ancient bone altar of Kikubaaqudgha.
  8094 | D:9      | Noticed a two-headed ogre
  8120 | D:9      | Killed a two-headed ogre
  8121 | D:9      | Reached skill level 5 in Dodging
  8328 | D:9      | Noticed a large abomination
  8341 | D:9      | Killed a large abomination
  8404 | D:9      | Noticed a wizard
  8416 | D:9      | Killed a wizard
  8641 | D:9      | Slain by a large abomination

Illustrated notes

Levels and vault maps discovered:
D:1:      erik_arrival_orb_chamber, layout_rooms,
          hellmonk_ecumenical_altar_lost_god
D:2:      layout_loops_corners
D:3:      wad_river_or_something, layout_loops_corners, lemuel_doored_altar,
          tso_oasis_becter, serial_shops, nicolae_shop_bloodbath_and_beyond
D:4:      minmay_clustersquares, layout_layer_cave, nicolae_ashenzari_skybound,
          minmay_temple_entry_mist
D:5:      layout_loops_cross, grunt_temple_overflow_order_and_chaos_1,
          uniq_eustachio
D:6:      layout_rooms, nicolae_overflow_squiral, grunt_decor_mini_mirrors
D:7:      layout_cave_pools, kennysheep_mini_moat
D:8:      layout_basic, serial_shops, nicolae_shop_hallway_plus,
          grunt_ministairs_11, nicolae_shop_overcharged_wands, uniq_erica,
          uniq_grum, uniq_joseph
D:9:      layout_roguey, mainiacjoe_overflow_alcove_2,
          pdpol_wu_jian_five_deadly_venoms, special_room [special_room_orc],
          serial_shops, nicolae_shop_gaudy_bauble, laboratory, uniq_amaemon,
          uniq_harold, uniq_pikel
Temple:   nicolae_temple_ecumenical_triangle

Skill      XL: |  1  2  3  4  5  6  7  8  9 10 11 |
---------------+----------------------------------+-----
Unarmed Combat | 4 5 6 7 9 11 13 | 13.1
Dodging        | 3 7 |  7.3
Fighting       | 12 | 12.1
Invocations    | 3 6 |  6.1

Action                     |  1- 3 |  4- 6 |  7- 9 | 10-12 || total
---------------------------+-------+-------+-------+-------++-------
  Melee: Unarmed           |    85 |   182 |   262 |   261 ||   790
  Throw: Throwing net      |       |       |       |     2 ||     2
 Invoke: Slouch            |       |       |       |     1 ||     1
  Evoke: Wand              |       |       |       |     4 ||     4
    Use: Scroll            |       |     4 |     5 |     6 ||    15
         Potion            |       |     1 |     3 |     3 ||     7
   Stab: Held in net/web   |       |       |       |     2 ||     2
         Distracted        |       |       |       |     2 ||     2
 Armour: Robe              |    31 |     7 |       |       ||    38
         Leather armour    |       |    25 |     5 |       ||    30
         Ring mail         |       |       |    95 |    14 ||   109
         Steam dragon scal |       |       |       |    59 ||    59
         Skin              |       |       |       |     3 ||     3
  Dodge: Dodged            |    59 |   116 |   161 |   220 ||   556

Table legend: (Time is in decaauts)
 A = Elapsed time spent in this place.
 B = Non-inter-level travel time spent in this place.
 C = Inter-level travel time spent in this place.
 D = Time resting spent in this place.
 E = Time spent auto-exploring this place.
 F = Levels seen in this place.
 G = Mean time per level.
                   A        B        C        D        E       F      G
               +--------+--------+--------+--------+--------+-----+--------+
         Total |  10751 |  10312 |    439 |    969 |   7231 |  10 | 1075.1 |
       Dungeon |  10721 |  10294 |    427 |    969 |   7231 |   9 | 1191.2 |
        Temple |     30 |     19 |     11 |      0 |      0 |   1 |   30.0 |
               +--------+--------+--------+--------+--------+-----+--------+

Top non-repeatable levels by time:
     D:4: 1832 daAuts
     D:8: 1603 daAuts
     D:6: 1295 daAuts
     D:3: 1275 daAuts
     D:9: 1271 daAuts
     D:5: 1094 daAuts
     D:2: 943 daAuts
     D:7: 865 daAuts
     D:1: 539 daAuts
  Temple: 30 daAuts
